 Dungeon Crawl Stone Soup version 0.29.1-14-g9c671dbff4 (webtiles) character file.

Game seed: 6100141855344885640

298 Thatpatchoflichen the Ducker (level 6, 0/47 HPs)
             Began as a Demonspawn Gladiator on Feb 13, 2023.
             Slain by Sigmund
             ... wielding a +0 scythe
              (5 damage)
             ... on level 4 of the Dungeon.
             The game lasted 00:04:51 (3134 turns).

Thatpatchoflichen the Ducker (Demonspawn Gladiator) Turns: 3134, Time: 00:04:52

Health: 0/47       AC:  9    Str: 17    XL:     6   Next: 13%
Magic:  6/6        EV:  8    Int:  9    God:
Gold:   158        SH:  0    Dex: 14    Spells: 5/5 levels left

rFire   . . .      SeeInvis .   a - +0 war axe
rCold   . . .      Faith    .   x - orb {light}
rNeg    . . .      Spirit   .   w - +0 chain mail
rPois   .          Reflect  .   (helmet restricted)
rElec   .          Harm     .   (no cloak)
rCorr   .          Rampage  .   (no gloves)
Will    .....                   (no boots)
Stlth   ..........              (no amulet)
HPRegen 0.15/turn               (no ring)
MPRegen 0.10/turn               (no ring)

@: glowing
A: antennae 1, demonic guardian 1, foul stench 1
a: no special abilities


You were on level 4 of the Dungeon.
You visited 1 branch of the dungeon, and saw 4 of its levels.

You collected 158 gold pieces.

Inventory:

Hand Weapons
 a - a +0 war axe (weapon)
Missiles
 d - 3 throwing nets (quivered)
 e - a javelin
 g - 16 poisoned darts
Armour
 c - a +0 helmet
 w - a +0 chain mail (worn)
 x - an orb of light (worn)
Jewellery
 o - a ring of fire
Wands
 b - a wand of paralysis (2)
Scrolls
 f - 8 scrolls of identify {unknown}
 j - 3 scrolls of enchant armour {unknown}
 r - a scroll of vulnerability {unknown}
 u - 2 scrolls of blinking {unknown}
 v - a scroll of poison {unknown}
 y - a scroll of fear {unknown}
Potions
 h - a potion of ambrosia {unknown}
 i - a potion of magic {unknown}
 k - 2 potions of might
 l - a potion of resistance {unknown}
 m - a potion of lignification {unknown}
 n - a potion of cancellation {unknown}
 p - 4 potions of flight {unknown}
 q - 2 potions of curing {unknown}
 s - 2 potions of brilliance {unknown}
 t - 2 potions of heal wounds {unknown}


   Skills:
 + Level 3.4 Fighting
 + Level 3.7 Axes
 - Level 1.7 Throwing
 * Level 3.1 Armour
 + Level 3.7 Dodging


You had 5 spell levels left.
You didn't know any spells.
Your spell library contained the following spells:

 Spells                   Type           Power      Damage    Failure   Level
 Ozocubu's Armour         Ice            0%         N/A       100%        3
 Ozocubu's Refrigeration  Ice            0%         4d7       100%        7


Dungeon Overview and Level Annotations

Branches:
Dungeon (4/15)
 Temple: D:4-7

Altars:
Makhleb
Uskayaw
Yredelemnul

Shops:
D:3 *

Annotations:
D:4 Sigmund


Innate Abilities, Weirdness & Mutations

You have a pair of small antennae on your head.
A weak demonic guardian rushes to your aid.
You may rarely emit foul miasma when damaged in melee.


Message History

You finish putting on your orb of light.
f - 8 scrolls labelled IPOHER PUREURGH (gained 1)
Found a hide-covered altar of Uskayaw.
y - a scroll labelled CIKLO TEPRANOY An endoplasm comes into view.
An endoplasm is nearby!
You slash the endoplasm!
You kill the endoplasm!
You now have 158 gold pieces (gained 9).
Sigmund the Dreaded comes into view.
He is wielding a +0 scythe.
Sigmund mumbles some strange words.
Sigmund flickers and vanishes!
Deactivating autopickup; reactivate with Ctrl-A.
You are confused.
You're too confused to move!
Sigmund casts a spell at you. The magic dart hits you!
Sigmund attacks as you move away! Sigmund hits you with a +0 scythe!
You feel less confused. Sigmund gestures at you while chanting.
The puff of flame hits you. Sigmund gestures at you while chanting.
The puff of flame hits you!
You barely miss Sigmund. Sigmund hits you with a +0 scythe!
* * * LOW HITPOINT WARNING * * *
A demonic guardian appears!
You hit Sigmund.
Sigmund is lightly wounded.
Sigmund closely misses you.
You barely miss Sigmund.
Sigmund is lightly wounded.
Sigmund hits you with a +0 scythe!
* * * LOW HITPOINT WARNING * * *
You hit Sigmund.
Sigmund is moderately wounded.
Your iron imp misses Sigmund.
You hit Sigmund.
Sigmund is heavily wounded.
Sigmund hits you with a +0 scythe.
You die...

†......####......(........#.###
........####..#.####..........#
........##...######.....#....##
........###.## #.......###....#
........# #.####..#.....###..##
........###.#.#..###......#..##
.........#.......###..........#
......#.................###.<.#
......#.#..####.@5....#.. #...#
......###...#....@....#....#..#
.....................###...##..#
...##................# ###.. ..#
..≈≈...≈≈###..........# .......
..≈≈...≈≈# #.........## ##......
.....≈...# #.......#..# ....
.#.......# ....#..##..#
.#.≈.≈.≈.# .#


You could see Sigmund (invisible, ally target) and a friendly iron imp
(summoned).

Vanquished Creatures
  A phantom (D:4)
  A hound (D:4)
  An orc priest (D:4)
  Ijyb (D:2)
  Natasha (twice) (D:4)
  2 adders
  2 dart slugs
  4 orcs
  2 ball pythons
  5 bats
  6 endoplasms
  A giant cockroach (D:4)
  15 goblins
  5 hobgoblins
  4 kobolds
  5 quokkas
  3 rats (D:3)
60 creatures vanquished.

Vanquished Creatures (collateral kills)
  An endoplasm (D:1)
  A frilled lizard (D:3)
2 creatures vanquished.

Grand Total: 62 creatures vanquished

Notes
Turn   | Place    | Note
-------+----------+-------------------------------------------
     0 | D:1      | Thatpatchoflichen the Demonspawn Gladiator began the quest
                  | for the Orb.
     0 | D:1      | Reached XP level 1. HP: 16/16 MP: 1/1
   108 | D:1      | Found a faded altar of an unknown god.
   265 | D:1      | Gained mutation: A weak demonic guardian rushes to your
                  | aid. [demonic ancestry]
   265 | D:1      | Reached XP level 2. HP: 22/22 MP: 2/2
  1105 | D:2      | Reached skill level 1 in Armour
  1105 | D:2      | Gained mutation: You may rarely emit foul miasma when
                  | damaged in melee. [demonic ancestry]
  1105 | D:2      | Reached XP level 3. HP: 23/28 MP: 3/3
  1272 | D:2      | Found a burning altar of Makhleb.
  1927 | D:3      | Noticed Ijyb
  2200 | D:2      | Killed Ijyb
  2201 | D:2      | Gained mutation: You have a pair of small antennae on your
                  | head. [demonic ancestry]
  2201 | D:2      | Reached XP level 4. HP: 24/34 MP: 4/4
  2343 | D:3      | Found Daujait's Assorted Antiques.
  2433 | D:3      | Noticed an ogre
  2528 | D:4      | Noticed a phantom
  2609 | D:4      | Killed a phantom
  2610 | D:4      | Reached XP level 5. HP: 25/41 MP: 5/5
  2813 | D:4      | Found a basalt altar of Yredelemnul.
  2874 | D:4      | Noticed Natasha
  2881 | D:4      | Killed Natasha
  2886 | D:4      | Reached XP level 6. HP: 31/47 MP: 6/6
  2923 | D:4      | Noticed Natasha
  2932 | D:4      | Killed Natasha
  3066 | D:4      | Found a hide-covered altar of Uskayaw.
  3121 | D:4      | Noticed Sigmund
  3134 | D:4      | Slain by Sigmund

Illustrated notes

Levels and vault maps discovered:
D:1:      tarquinn_simple_flora_water_d, layout_basic,
          ebering_ecumenical_altar_sacrificial
D:2:      layout_basic, basic_altar
D:3:      kennysheep_the_goblin_king, layout_basic, general_overflow_altar,
          lemuel_doored_altar, demons_altar, serial_shops,
          nicolae_lakefront_shop, minmay_ogre_servants, uniq_grinder
D:4:      layout_cave_pools, nicolae_uskayaw_suspiria,
          nicolae_overflow_hidden_temple, marbit_many_paths, uniq_sigmund,
          uniq_natasha

Skill      XL: |  1  2  3  4  5 |
---------------+----------------+-----
Axes           | 3 |  3.7
Armour         | 1 2 3 |  3.1
Dodging        | 3 |  3.7
Fighting       | 3 |  3.4
Throwing       | |  1.7

Action                   |  1- 3 |  4- 6 || total
-------------------------+-------+-------++-------
Melee: War axe           |   104 |    81 ||   185
Armor: Leather armour    |    34 |       ||    34
       Ring mail         |    45 |       ||    45
       Chain mail        |    16 |    55 ||    71
Dodge: Dodged            |   108 |    37 ||   145
